Map: Romanticide LE

Players

Lilbow

  • Race: Protoss Protoss

DnS - Winner!

  • Race: Protoss Protoss

Event: DreamHack SC2 Masters 2021 Winter

VOD

Have the link to the VOD?

Description

Time

  • Played on: Oct. 8, 2021, 11:52 a.m.
  • Length: 14:18

All games in this series

Show
View Real Time Build Order
Export as new Build Order

Lilbow Protoss 

Build Orders: Phoenix Opening, Blink Stalkers 

Get SALT Encoding   

  12  0:00  Probe  
  13  0:12  Probe  
  14  0:17  Pylon  
  14  0:24  Probe (Chrono Boost)  
  16  0:36  Probe (Chrono Boost)  
  16  0:37  Gateway  
  16  0:43  Probe (Chrono Boost)  
  16  0:45  Assimilator  
  17  0:51  Probe  
  18  1:03  Probe (Chrono Boost)  
  19  1:04  Assimilator  
  19  1:10  Gateway  
  19  1:12  Probe (Chrono Boost)  
  19  1:17  Probe (Chrono Boost)  
  20  1:24  Cybernetics Core  
  21  1:29  Probe  
  22  1:35  Pylon  
  22  1:41  Probe  
  23  1:53  Probe  
  24  2:00  Stalker, Warp Gate  
  24  2:01  Stalker  
  28  2:12  Pylon  
  28  2:26  Pylon  
  28  2:31  Sentry  
  28  2:36  Probe (Chrono Boost)  
  31  2:41  Nexus  
  31  2:47  Sentry  
  31  2:48  Probe (Chrono Boost)  
  34  2:54  Probe (Chrono Boost)  
  34  2:57  Pylon  
  35  3:02  Probe  
  36  3:10  Twilight Council  
  36  3:12  Phoenix  
  36  3:14  Probe (Chrono Boost)  
  36  3:19  Shield Battery  
  37  3:26  Probe (Chrono Boost)  
  38  3:32  Forge  
  38  3:33  Probe (Chrono Boost)  
  39  3:40  Probe  
  40  3:51  Blink  
  40  3:53  Probe (Chrono Boost)  
  42  3:57  Probe (Chrono Boost)  
  42  3:59  Sentry  
  45  4:04  Probe (Chrono Boost)  
  45  4:06  Phoenix  
  45  4:07  Probe (Chrono Boost)  
  45  4:08  Probe (Chrono Boost)  
  45  4:09  Protoss Ground Weapons Level 1 (Chrono Boost)  
  46  4:16  Photon Cannon  
  48  4:17  Probe  
  48  4:20  Probe  
  48  4:23  Robotics Facility  
  50  4:37  Nexus  
  49  4:39  Probe x2  
  49  4:42  Assimilator  
  51  4:46  Adept  
  51  4:49  Adept  
  51  4:51  Probe x2  
  57  5:03  Probe  
  57  5:05  Probe  
  58  5:08  Phoenix  
  58  5:11  Pylon  
  59  5:14  Observer  
  59  5:15  Gateway, Probe (Chrono Boost)  
  59  5:16  Gateway  
  59  5:17  Probe (Chrono Boost)  
  61  5:23  Pylon  
  61  5:27  Probe (Chrono Boost)  
  62  5:30  Gateway  
  62  5:31  Probe (Chrono Boost)  
  62  5:32  Gateway  
  62  5:34  Probe (Chrono Boost)  
  64  5:36  Probe (Chrono Boost)  
  66  5:44  Probe (Chrono Boost)  
  66  5:49  Probe (Chrono Boost)  
  68  5:51  Probe (Chrono Boost)  
  68  5:52  Charge  
  68  5:55  Nexus  
  69  5:58  Probe (Chrono Boost)  
  69  5:59  Probe (Chrono Boost)  
  69  6:00  Protoss Ground Weapons Level 2 (Chrono Boost)  
  69  6:01  Phoenix, Probe (Chrono Boost)  
  69  6:03  Probe (Chrono Boost)  
  71  6:06  Probe  
  71  6:11  Probe  
  74  6:12  Templar Archives  
  74  6:15  Probe  
  74  6:18  Probe  
  76  6:23  Photon Cannon, Probe  
  77  6:27  Pylon  
  77  6:28  Zealot x4, Probe  
  77  6:30  Probe  
  87  6:33  Warp Prism  
  89  6:41  Probe x2  
  89  6:42  Probe  
  89  6:45  Pylon  
  92  6:49  Gateway  
  92  6:51  Gateway  
  92  6:53  Probe  
  93  6:56  Photon Cannon  
  93  7:02  Stalker x3  
  93  7:03  Stalker  
  93  7:07  Stalker x2  
  105  7:16  Gateway  
  105  7:17  Gateway  
  105  7:19  Pylon  
  105  7:29  Stalker x4  
  111  7:30  Stalker x2  
  111  7:31  Probe  
  111  7:34  Probe  
  110  7:51  Stalker x2  
  110  7:55  Stalker x5  
  110  7:56  Probe  
  119  8:02  Probe  
  119  8:03  Stalker  
  116  8:15  Zealot x2  
  116  8:16  Zealot x2  
  124  8:21  Zealot x4, Pylon  
  124  8:22  Pylon  
  126  8:37  Warp Prism (Chrono Boost)  
  122  8:42  Zealot x3, Stargate  
  122  8:43  Zealot x7  
  122  8:44  Stargate  
  122  8:47  Pylon  
  122  8:48  Protoss Ground Weapons Level 3 (Chrono Boost)  
  140  8:49  Pylon  
  140  8:50  Assimilator  
  140  8:51  Assimilator  
  140  9:19  Zealot  
  140  9:20  Zealot x9  
  160  9:24  Pylon  
  160  9:25  Pylon  
  160  9:26  Phoenix x2 (Chrono Boost)  
  160  9:27  Pylon  
  160  9:29  Pylon  
  164  9:42  Phoenix  
  164  9:45  Phoenix  
  168  9:59  Zealot x3  
  168  10:07  Phoenix  
  168  10:12  Phoenix  
  170  10:19  Zealot x8  
  170  10:20  Zealot x2  
  190  10:32  Phoenix  
  192  10:37  Nexus, Phoenix  
  192  10:38  Pylon  
  192  10:41  Assimilator  
  192  10:42  Assimilator  
  194  10:43  Assimilator  
  194  10:45  Assimilator  
  192  10:57  Phoenix  
  192  11:02  Phoenix  
  196  11:11  Zealot x2  
  196  11:22  Phoenix  
  180  11:28  Stalker x2  
  180  11:29  Stalker x4, Phoenix  
  152  11:34  Zealot x2  
  152  11:35  Zealot x2  
  124  11:47  Phoenix  
  124  11:52  Zealot x6  
  120  11:54  Phoenix  
  120  11:56  Zealot x4  
  120  11:58  Zealot x4  
  122  12:12  Gateway, Phoenix (Chrono Boost), Zealot x2  
  122  12:13  Zealot x4  
  122  12:15  Gateway  
  132  12:17  Gateway  
  132  12:18  Stalker x3  
  132  12:19  Stalker  
  140  12:28  Phoenix (Chrono Boost)  
  142  12:32  Warp Prism (Chrono Boost)  
  142  12:33  Stalker x5  
  142  12:34  Phoenix (Chrono Boost)  
  156  12:44  Zealot x5  
  156  12:46  Photon Cannon  
  166  12:57  Stalker x4  
  174  13:05  Stalker x2  
  174  13:06  Stalker x5  
  185  13:18  Stalker x2  
  187  13:34  Stalker x6  
  175  13:40  Stalker x5  
  195  13:41  Zealot x2  
  185  13:50  Phoenix x2  
  145  13:57  Zealot x6  
  119  14:04  Zealot x6  
  99  14:11  Zealot  
Show
View Real Time Build Order
Export as new Build Order

DnS Protoss - Winner!

Build Orders:  

Get SALT Encoding   

  12  0:00  Probe  
  13  0:12  Probe  
  14  0:17  Pylon  
  14  0:24  Probe (Chrono Boost)  
  15  0:36  Probe (Chrono Boost)  
  15  0:37  Gateway  
  16  0:44  Probe (Chrono Boost)  
  16  0:46  Assimilator  
  17  0:51  Probe  
  17  0:56  Assimilator  
  18  1:03  Probe (Chrono Boost)  
  19  1:08  Gateway  
  19  1:13  Probe (Chrono Boost)  
  19  1:18  Probe (Chrono Boost)  
  20  1:25  Cybernetics Core  
  21  1:30  Probe  
  22  1:37  Pylon  
  22  1:42  Probe  
  23  1:55  Probe  
  23  2:01  Stalker, Sentry  
  28  2:03  Warp Gate  
  28  2:07  Probe  
  29  2:14  Pylon  
  29  2:20  Pylon  
  29  2:29  Sentry  
  31  2:40  Sentry  
  31  2:43  Nexus  
  33  2:46  Probe  
  34  2:52  Shield Battery  
  34  2:58  Probe  
  35  3:00  Pylon  
  35  3:07  Stalker  
  35  3:11  Probe (Chrono Boost)  
  38  3:23  Probe (Chrono Boost)  
  39  3:27  Twilight Council  
  39  3:30  Probe (Chrono Boost)  
  40  3:35  Forge  
  40  3:37  Probe (Chrono Boost)  
  42  3:49  Probe (Chrono Boost)  
  43  3:57  Probe (Chrono Boost)  
  43  3:58  Probe (Chrono Boost)  
  44  4:03  Blink  
  44  4:04  Probe (Chrono Boost)  
  44  4:06  Probe (Chrono Boost)  
  44  4:07  Protoss Ground Weapons Level 1  
  46  4:15  Probe  
  47  4:17  Adept x2  
  47  4:20  Probe  
  52  4:27  Probe  
  53  4:36  Nexus  
  53  4:38  Probe  
  54  4:39  Probe  
  54  4:44  Pylon  
  55  4:50  Probe  
  55  4:51  Phoenix  
  56  5:02  Probe  
  56  5:03  Probe  
  56  5:04  Robotics Facility  
  54  5:08  Assimilator  
  54  5:14  Probe  
  54  5:15  Stalker x2, Probe  
  60  5:26  Probe  
  60  5:27  Probe  
  62  5:31  Gateway, Phoenix, Shield Battery  
  62  5:33  Gateway  
  62  5:38  Probe  
  62  5:39  Probe (Chrono Boost)  
  64  5:50  Probe (Chrono Boost)  
  64  5:51  Probe x2 (Chrono Boost)  
  64  5:52  Stalker x2  
  64  5:54  Observer  
  72  5:59  Probe x2 (Chrono Boost)  
  72  6:00  Probe (Chrono Boost)  
  75  6:04  Probe x2 (Chrono Boost)  
  75  6:06  Gateway x2, Probe  
  75  6:08  Assimilator  
  75  6:09  Assimilator  
  75  6:10  Assimilator  
  78  6:12  Pylon  
  78  6:16  Probe, Protoss Ground Weapons Level 2 (Chrono Boost)  
  78  6:17  Probe  
  78  6:18  Probe  
  81  6:23  Robotics Facility  
  81  6:26  Charge  
  81  6:28  Probe  
  81  6:29  Robotics Bay, Probe  
  81  6:30  Probe  
  84  6:38  Phoenix  
  84  6:40  Stalker x3, Probe  
  84  6:41  Probe  
  84  6:42  Pylon  
  84  6:43  Pylon  
  92  6:51  Gateway  
  92  6:52  Pylon  
  92  6:57  Probe  
  92  7:00  Pylon  
  93  7:10  Nexus  
  93  7:13  Disruptor x2 (Chrono Boost)  
  93  7:18  Stalker  
  93  7:19  Stalker x3  
  93  7:21  Pylon  
  107  7:36  Stalker  
  107  7:43  Photon Cannon, Stalker x4  
  114  7:44  Shield Battery  
  114  7:45  Disruptor (Chrono Boost)  
  120  7:52  Disruptor (Chrono Boost)  
  118  8:03  Zealot x2  
  120  8:06  Zealot x2  
  120  8:10  Pylon  
  120  8:11  Pylon  
  120  8:12  Pylon  
  120  8:19  Zealot x2  
  122  8:20  Disruptor  
  123  8:28  Disruptor, Protoss Ground Weapons Level 3 (Chrono Boost)  
  123  8:30  Zealot x4  
  127  8:49  Nexus  
  127  8:51  Pylon  
  127  8:56  Disruptor (Chrono Boost), Sentry  
  127  9:00  Pylon  
  127  9:01  Gateway, Pylon  
  132  9:02  Gateway  
  131  9:15  Disruptor (Chrono Boost)  
  131  9:17  Nexus  
  131  9:18  Pylon  
  131  9:19  Pylon  
  134  9:27  Pylon  
  134  9:29  Observer (Chrono Boost)  
  135  9:37  Stalker x2  
  135  9:38  Stalker x4  
  146  9:43  Disruptor  
  149  9:56  Templar Archives  
  149  9:59  Gateway  
  149  10:01  Nexus  
  149  10:02  Gateway  
  149  10:03  Observer, Pylon  
  149  10:19  Nexus, Disruptor  
  149  10:20  Zealot x3  
  149  10:21  Zealot x3  
  160  10:32  Shield Battery  
  160  10:40  Photon Cannon x2  
  160  10:41  High Templar x3  
  160  10:42  High Templar x3  
  172  10:45  Pylon  
  172  10:46  Archon  
  172  10:47  Archon x2  
  172  10:49  Photon Cannon  
  172  11:01  Gateway  
  172  11:03  Gateway  
  172  11:05  Pylon  
  172  11:07  Pylon  
  172  11:09  High Templar x2  
  176  11:13  Archon, Pylon  
  176  11:14  High Templar  
  176  11:15  High Templar  
  180  11:20  Archon  
  168  11:30  Zealot x4  
  146  11:40  Colossus x2 (Chrono Boost)  
  137  11:54  Zealot x3, High Templar x2  
  124  11:55  Zealot x3  
  124  11:59  Archon  
  136  12:04  Protoss Shields Level 1 (Chrono Boost)  
  136  12:10  Nexus  
  136  12:15  Observer  
  134  12:21  Shield Battery  
  134  12:25  Pylon  
  134  12:27  Colossus (Chrono Boost)  
  134  12:29  Colossus (Chrono Boost)  
  146  12:33  Extended Thermal Lance  
  146  12:43  Zealot x4  
  154  12:49  Sentry  
  154  12:50  Sentry  
  158  13:04  High Templar x2  
  158  13:05  Zealot x4  
  170  13:09  Archon  
  168  13:19  Zealot x2  
  168  13:20  Immortal (Chrono Boost)  
  168  13:26  Zealot x3  
  168  13:27  Zealot  
  171  13:34  Immortal (Chrono Boost)  
  175  13:46  Zealot x6  
  186  13:49  Zealot  
  161  13:57  High Templar x2  
  161  13:58  High Templar  
  161  13:59  High Templar  
  151  14:03  Archon  
  151  14:05  Archon  

Tags
 
Add a new tag
Caveats
  • Supply blocks, unpowered buildings, or Contaminate may cause inaccurate times.
  • Supply counts are checked every 10 seconds.